 Dungeon Crawl Stone Soup version 0.31-a0-1025-g2e47921a08 (webtiles) character file.

Game seed: 11387990801030110859

445 Monkfish the Cutter (level 7, 0/40 (42) HPs)
             Began as a Kobold Monk on Nov 18, 2023.
             Slain by a wight
             ... wielding a +0 long sword of distortion
              (19 damage)
             ... on level 5 of the Dungeon.
             The game lasted 00:04:49 (3152 turns).

Monkfish the Cutter (Kobold Monk)                   Turns: 3152, Time: 00:04:49

HP:   0/40 (42)     AC:  4    Str:  8    XL:     7   Next: 24%
MP:   7/7           EV: 21    Int: 11    God:
Gold: 152           SH:  0    Dex: 20    Spells: 6/6 levels left

rFire   . . .        i - +2 dagger (drain)
rCold   . . .        (no shield)
rNeg    . . .        n - +0 leather armour
rPois   .            (no helmet)
rElec   .            (no cloak)
rCorr   .            j - +0 pair of gloves
SInv    +            (no boots)
Will    .....        (no amulet)
Stlth   ++++         k - +5 ring of evasion
HPRegen 0.26/turn    c - ring of see invisible
MPRegen 0.10/turn

%: no passive effects
@: lightly drained
A: small, no large weapons, nightstalker 3
a: no special abilities


You were on level 5 of the Dungeon.
You visited 1 branch of the dungeon, and saw 5 of its levels.

You collected 152 gold pieces.

Inventory:

Hand Weapons
 i - a +2 dagger of draining (weapon)
Armour
 d - an orb of light
 j - a +0 pair of gloves (worn)
 n - a +0 leather armour (worn)
Jewellery
 c - a ring of see invisible (right hand)
 k - a +5 ring of evasion (left hand)
 m - a +4 ring of protection
Scrolls
 f - a scroll of summoning
Potions
 a - a potion of degeneration {unknown}
 e - a potion of brilliance
 g - a potion of lignification
 h - 2 potions of curing
 l - a potion of cancellation {unknown}


   Skills:
 + Level 3.9 Fighting
 * Level 6.9 Short Blades
 + Level 4.6 Dodging
 * Level 6.4 Stealth


You had 6 spell levels left.
You didn't know any spells.
Your spell library contained the following spells:

 Spells                   Type           Power      Damage    Failure   Level
 Apportation              Tloc           0%         N/A       45%         1
 Necrotise                Necr           0%         1d4       45%         1
 Summon Small Mammal      Summ           0%         N/A       45%         1
 Dazzling Flash           Conj/Hex       0%         N/A       83%         3
 Gell's Gravitas          Tloc           0%         N/A       83%         3
 Teleport Other           Tloc           0%         N/A       83%         3
 Animate Dead             Necr           0%         N/A       99%         4
 Agony                    Necr           0%         N/A       100%        5
 Borgnjor's Vile Clutch   Necr/Erth      0%         N/A       100%        5
 Silence                  Hex/Air        0%         N/A       100%        5
 Death Channel            Necr           0%         N/A       100%        6
 Dispersal                Tloc           0%         N/A       100%        6


Dungeon Overview and Level Annotations

Branches:
Dungeon (5/15)
 Temple: D:4-7

Altars:

Shops:
D:1 :(   D:3 [


Innate Abilities, Weirdness & Mutations

You are small and have problems with some larger weapons.
You are completely attuned to the shadows.


Message History

The wight barely misses you.
You hit the wight but do no damage.
The wight is moderately damaged.
The wight closely misses you.
You hit the wight.
The wight is heavily damaged.
The wight closely misses you.
You hit the wight.
The wight is heavily damaged.
You closely miss the wight.
The wight is heavily damaged.
The wight hits you with a +0 spear!
You hit the wight.
The wight is almost destroyed.
You closely miss the wight. You punch the wight.
The wight is almost destroyed.
The wight closely misses you.
You hit the wight but do no damage.
The wight is almost destroyed.
The wight closely misses you.
You hit the wight.
You destroy the wight!
Things that are here:
a +0 spear; a +0 robe You start resting.
HP restored.
Things that are here:
a +0 spear; a +0 robe
There is a stone staircase leading up here.
You climb upwards.
The wight misses you. x2
There is a stone staircase leading down here.
The wight hits you with a +0 long sword of distortion!
Space warps around you.
You climb downwards.
There is a stone staircase leading up here.
You hit the wight but do no damage. You barely miss the wight.
The wight hits you with a +0 long sword of distortion!
Space warps horribly around you!!
You die...

.......###
####......
#.##### #.##..#
#.##..# #.....#
#####.#
#############.#
#@z...).......#
###############


You could see a wight.

Vanquished Creatures
  A centaur (D:5)
  A wight (D:5)
  An orc priest (D:3)
  2 hounds (D:5)
  An iguana (D:5)
  2 orc wizards
  4 adders
  A worm (D:3)
  2 dart slugs
  13 orcs
  8 endoplasms
  2 giant cockroaches
  11 goblins
  6 hobgoblins
  4 jackals (D:3)
  2 kobolds
  3 quokkas
  9 ball pythons
  6 bats
  6 frilled lizards
  5 rats
90 creatures vanquished.

Notes
Turn   | Place    | Note
-------+----------+-------------------------------------------
     0 | D:1      | Monkfish the Kobold Monk began the quest for the Orb.
     0 | D:1      | Reached XP level 1. HP: 14/14 MP: 1/1
    86 | D:1      | Reached XP level 2. HP: 19/19 MP: 2/2
   174 | D:1      | Reached skill level 1 in Stealth
   208 | D:1      | Found Estaof's Antique Weapon Shoppe.
   314 | D:1      | Found Reacaom's Book Boutique.
   316 | D:1      | Reached XP level 3. HP: 23/23 MP: 3/3
   846 | D:2      | Reached XP level 4. HP: 27/27 MP: 4/4
  1119 | D:2      | Reached skill level 5 in Short Blades
  1476 | D:3      | Found a faded altar of an unknown god.
  1904 | D:3      | Reached XP level 5. HP: 31/33 MP: 5/5
  2086 | D:3      | Found Zuczyr's Armour Shop.
  2486 | D:5      | Entered Level 5 of the Dungeon
  2490 | D:5      | Reached XP level 6. HP: 15/38 MP: 6/6
  2495 | D:5      | Reached skill level 5 in Stealth
  2915 | D:5      | Reached XP level 7. HP: 34/42 MP: 7/7
  3152 | D:5      | Slain by a wight

Illustrated notes

Levels and vault maps discovered:
D:1:      minmay_arrival_doors, layout_basic, serial_shops,
          nicolae_shop_waterfront, shop
D:2:      layout_rooms
D:3:      layout_basic, ebering_ecumenical_altar_petrified, serial_shops, shop,
          st_stairs_11, grunt_ministairs_14, chequers_decorated_corner,
          minmay_misc_feat_columns, minmay_tree_intersection
D:4:      cheibrodos_quashed, layout_rooms, mainiacjoe_overflow_alcove_1,
          mainiacjoe_overflow_catch_the_wave, nicolae_shop_unique_rings
D:5:      layout_basic, kennysheep_generic_room_12, uniq_ijyb

Skill      XL: |  1  2  3  4  5  6 |
---------------+-------------------+-----
Stealth        | 1 2 3 4 6 |  6.4
Short Blades   | 5 6 |  6.9
Dodging        | 4 |  4.6
Fighting       | |  3.9

Action                     |  1- 3 |  4- 6 |  7- 9 || total
---------------------------+-------+-------+-------++-------
  Melee: Short sword       |    90 |       |       ||    90
         Dagger            |     3 |   151 |    39 ||   193
         Punch             |       |       |     2 ||     2
    Use: Scroll            |     3 |     5 |       ||     8
         Potion            |       |     2 |       ||     2
   Stab: Sleeping          |    16 |    17 |       ||    33
 Armour: Robe              |    24 |    42 |     1 ||    67
         Leather armour    |       |       |     7 ||     7
  Dodge: Dodged            |    49 |   106 |    34 ||   189

Table legend: (Time is in decaauts)
 A = Elapsed time spent in this place.
 B = Non-inter-level travel time spent in this place.
 C = Inter-level travel time spent in this place.
 D = Time resting spent in this place.
 E = Time spent auto-exploring this place.
 F = Levels seen in this place.
 G = Mean time per level.
                   A        B        C        D        E       F      G
               +--------+--------+--------+--------+--------+-----+--------+
         Total |   3076 |   2968 |    108 |    238 |   2088 |   5 |  615.2 |
       Dungeon |   3076 |   2968 |    108 |    238 |   2088 |   5 |  615.2 |
               +--------+--------+--------+--------+--------+-----+--------+

Top non-repeatable levels by time:
     D:3: 988 daAuts
     D:1: 687 daAuts
     D:2: 677 daAuts
     D:5: 637 daAuts
     D:4: 85 daAuts
